 Dungeon Crawl Stone Soup version 0.22-a0-605-g9281fa2 (webtiles) character file.

242 Amnesiac the Ducker (level 5, -10/28 HPs)
             Began as a Spriggan Transmuter on July 8, 2018.
             Mangled by an orc warrior
             ... wielding a +0 mace
              (18 damage)
             ... on level 4 of the Dungeon.
             The game lasted 00:07:04 (4351 turns).

Amnesiac the Ducker (Spriggan Transmuter)           Turns: 4351, Time: 00:07:05

Health: -10/28     AC: 13    Str:  6    XL:     5   Next: 82%
Magic:  4/12       EV: 20    Int: 18    God:
Gold:   290        SH:  5    Dex: 17    Spells: 9/12 levels left

rFire    . . .     SeeInvis +   r - +0 flail (protect)
rCold    . . .     Gourm    .   k - +0 buckler
rNeg     . . .     Faith    .   b - +0 robe
rPois    .         Spirit   .   (helmet restricted)
rElec    .         Reflect  .   (no cloak)
rCorr    .         Harm     .   (gloves unavailable)
MR       .....                  (boots unavailable)
Stlth    ++........             (no amulet)
HPRegen  0.09/turn              c - +3 ring of intelligence
MPRegen  0.13/turn              (no ring)

@: protection aura, very quick
A: very small, unfitting armour, icy blue scales 1, thin metallic scales 1, see
invisible, herbivore, speed 3, slow metabolism 2
a: no special abilities


You were on level 4 of the Dungeon.
You were not hungry.

You visited 1 branch of the dungeon, and saw 4 of its levels.

You collected 290 gold pieces.

Inventory:

Hand Weapons
 i - a +1 mace of crushing
 l - a +2 short sword of holy wrath
 r - a +0 flail of protection (weapon)
 w - a +1 hunting sling of freezing
Missiles
 a - 8 arrows (quivered)
Armour
 b - a +0 robe (worn)
 k - a +0 buckler (worn)
Jewellery
 c - a +3 ring of intelligence (left hand)
Wands
 u - a wand of flame (15)
Scrolls
 e - 3 scrolls of remove curse {!r}
 h - a scroll of immolation {!r, unknown}
 j - 2 scrolls of identify {!r, unknown}
 o - a scroll of enchant weapon {!r, unknown}
 t - a scroll of teleportation {!r, unknown}
 x - a scroll of blinking {!r, unknown}
Potions
 f - 4 potions of agility {!q}
 g - a potion of cancellation {!q, unknown}
 m - a potion of flight {!q, unknown}
 n - 2 potions of might {!q, unknown}
 p - a potion of haste {!q, unknown}
 q - a potion of brilliance {!q, unknown}
 s - a potion of curing {!q}
 v - 2 potions of heal wounds {!q, unknown}
Comestibles
 d - 5 rations


   Skills:
 + Level 3.0 Fighting
 + Level 5.2 Dodging
 - Level 2.5 Unarmed Combat
 + Level 4.4 Spellcasting
 - Level 3.2 Transmutations


You had 9 spell levels left.
You knew the following spells:

 Your Spells              Type           Power        Failure   Level  Hunger
a - Beastly Appendage     Tmut           ###...       6%          1    None
b - Sticks to Snakes      Tmut           ###.....     10%         2    #......

Your spell library contained the following spells:

 Spells                   Type           Power        Failure   Level  Hunger
 Spider Form              Tmut/Pois      #.........   36%         3    ###....
 Blade Hands              Tmut           ###.......   87%         5    ######.
 Ice Form                 Ice/Tmut       #.......     77%         4    ####...


Dungeon Overview and Level Annotations

Branches:
Dungeon (4/15)
 Temple: D:4-7

Altars:
The Shining One


Innate Abilities, Weirdness & Mutations

You are very small and have problems with some larger weapons.
You are too small for most types of armour.
You have supernaturally acute eyesight. (SInv)
You are a herbivore.
You cover ground extremely quickly.
You need to consume almost no food.
You are partially covered in icy blue scales. (AC +2)
You are partially covered in thin metallic scales. (AC +2)


Message History

You create a snake!
You now have 12 arrows.
Casting: Sticks to Snakes (safe; 10% risk of failure)
Confirm with . or Enter, or press ? or * to list all spells.
You create a snake!
You now have 11 arrows.
The orc warrior hits you with a mace!!
Ouch! That really hurt!
* * * LOW HITPOINT WARNING * * *
Your ball python grabs the orc warrior.
Your ball python constricts the orc warrior.
The orc warrior struggles to escape constriction.
Your ball python constricts the orc warrior.
Casting: Sticks to Snakes (safe; 10% risk of failure)
Confirm with . or Enter, or press ? or * to list all spells.
You create a snake!
You now have 10 arrows.
Your ball python constricts the orc warrior.
The orc warrior struggles to escape constriction.
Casting: Sticks to Snakes (safe; 10% risk of failure)
Confirm with . or Enter, or press ? or * to list all spells.
You create a snake!
You now have 9 arrows.
Your ball python constricts the orc warrior.
The orc warrior escapes!
Your ball python grabs the orc warrior.
Your ball python constricts the orc warrior.
You swap places.
The orc warrior completely misses your ball python.
Your ball python constricts the orc warrior.
Your ball python constricts the orc warrior.
The orc warrior hits your ball python with a mace!
Your ball python dies!
Your ball python grabs the orc warrior.
Your ball python constricts the orc warrior.
The orc warrior barely misses your ball python.
The orc shouts!
Your ball python constricts the orc warrior.
The orc warrior struggles to escape constriction.
Your ball python constricts the orc warrior. x2
The orc warrior struggles to escape constriction.
Your ball python constricts the orc warrior.
Casting: Sticks to Snakes (safe; 10% risk of failure)
Confirm with . or Enter, or press ? or * to list all spells.
You create a snake!
You now have 8 arrows.
The orc warrior escapes!
Your ball python grabs the orc warrior.
Your ball python constricts the orc warrior.
The orc hits your adder with a whip.
Your ball python constricts the orc warrior.
The orc warrior struggles to escape constriction.
The orc hits your adder but does no damage.
Your ball python constricts the orc warrior.
The orc warrior struggles to escape constriction.
Your ball python constricts the orc warrior.
The orc hits your adder with a whip.
The orc warrior struggles to escape constriction.
You hit the orc.
Your weapon exudes an aura of protection.
The orc is heavily wounded.
Your ball python constricts the orc warrior.
You block the orc's attack.
The orc warrior escapes!
The orc closely misses your adder.
You barely miss the orc.
The orc is almost dead.
Your ball python grabs the orc warrior.
Your ball python constricts the orc warrior.
The orc hits you but does no damage. The orc warrior hits you with a mace!!
Ouch! That really hurt!
You die...

#..# #..# #..#
#########..##
#######...........##
.[....)............## ..
.....#######........### .#
###### ##...S.>..)..## ..#
#...SSo@S.#...##..#
#......o..###..#..# #
##........####...# #
######.)..............#
#####......###.######.....#
...........##.## #..###.#
.....(..(..#.###. #[## .##
.(.######..#. ..## #.# #.##
...# #..# ##.. #%####...###


You could see an orc warrior, an orc, a friendly adder and 3 friendly ball
pythons.

Vanquished Creatures
  Ijyb (D:3)
  An orc wizard (D:4)
  2 adders
  An ooze (D:2)
  2 dart slugs
  2 leopard geckos (D:3)
  5 orcs
  A giant cockroach (D:4)
  4 goblins
  4 hobgoblins
  9 jackals
  A quokka (D:3)
  2 ball pythons
  7 bats
  11 frilled lizards
  3 kobolds
  A quokka skeleton (D:4)
  4 rats
61 creatures vanquished.

Vanquished Creatures (collateral kills)
  An ogre (D:4)
  An orc priest (D:4)
  2 worker ants
  An adder (D:4)
  A worm (D:3)
  3 orcs
  A hobgoblin (D:3)
  A giant cockroach zombie (D:4)
11 creatures vanquished.

Grand Total: 72 creatures vanquished

Notes
Turn   | Place    | Note
-------+----------+-------------------------------------------
     0 | D:1      | Amnesiac the Spriggan Transmuter began the quest for the Orb.
     0 | D:1      | Reached XP level 1. HP: 9/9 MP: 5/5
   162 | D:1      | Reached skill level 1 in Fighting
   284 | D:1      | Reached XP level 2. HP: 7/14 MP: 6/6
   289 | D:1      | Learned a level 2 spell: Sticks to Snakes
  1481 | D:2      | Reached XP level 3. HP: 4/18 MP: 6/8
  1501 | D:2      | Gained mutation: You are partially covered in thin metallic scales. (AC +2) [potion of mutation]
  1501 | D:2      | Gained mutation: You are partially covered in icy blue scales. (AC +2) [potion of mutation]
  2387 | D:3      | Reached XP level 4. HP: 10/23 MP: 6/9
  2714 | D:3      | Reached skill level 4 in Dodging
  2715 | D:3      | Noticed Ijyb
  2852 | D:3      | Killed Ijyb
  2941 | D:3      | Found a glowing golden altar of the Shining One.
  3470 | D:4      | Noticed an ogre
  3654 | D:4      | Killed an ogre
  3654 | D:4      | Reached XP level 5. HP: 4/27 MP: 1/12
  3920 | D:4      | Noticed an orc warrior
  3948 | D:4      | Reached skill level 5 in Dodging
  4351 | D:4      | Mangled by an orc warrior

Vault maps used:
D:1:      sevenhm_arrival_forest_fort_small_6
D:3:      tso_oasis_becter, first_ration, minmay_lizard_king, uniq_ijyb
D:4:      guppyfry_early_orc_mine

Skill      XL: |  1  2  3  4  5 |
---------------+----------------+-----
Fighting       | 1 2 3 |  3.0
Transmutations | 3 |  3.2
Spellcasting   | 3 4 |  4.4
Dodging        | 4 5 |  5.2
Unarmed Combat | |  2.5

Action                   |  1- 3 |  4- 6 || total
-------------------------+-------+-------++-------
Melee: Unarmed           |    65 |       ||    65
       Kick              |    16 |     3 ||    19
       Headbutt          |     3 |     2 ||     5
       Mace              |    35 |       ||    35
       Flail             |       |   193 ||   193
 Cast: Beastly Appendage |    14 |     8 ||    22
       Sticks to Snakes  |     5 |    30 ||    35
  Use: Scroll            |     3 |       ||     3
       Potion            |     3 |       ||     3
 Stab: Sleeping          |     2 |       ||     2
       Distracted        |     1 |     2 ||     3
  Eat: Ration            |       |     2 ||     2
Armor: Robe              |    12 |    43 ||    55
Dodge: Dodged            |    94 |   167 ||   261
Block: Buckler           |     9 |    56 ||    65

Table legend:
 A = Spawn XP
 B = Non-spawn XP
 C = Spawn XP percentage of total XP
 D = Spawn monster count
 E = Non-spawn monster count
 F = Spawn count percentage of total count
 G = Total turns spent on level
                    A         B        C        D         E        F      G
               +---------+---------+-------+---------+---------+-------+---------
         Total |       0 |     347 |   0.0 |       0 |      72 |   0.0 |  4351
               +---------+---------+-------+---------+---------+-------+---------
           D:1 |       0 |      28 |   0.0 |       0 |      19 |   0.0 |  1165
           D:2 |       0 |      59 |   0.0 |       0 |      10 |   0.0 |  1122
           D:3 |       0 |      99 |   0.0 |       0 |      30 |   0.0 |  1155
           D:4 |       0 |     161 |   0.0 |       0 |      13 |   0.0 |   909
               +---------+---------+-------+---------+---------+-------+---------
